 Dungeon Crawl Stone Soup version 0.31-a0-278-g485e682e34 (webtiles) character file.

Game seed: 17865355768602274296

427 AdnanSaban the Cudgeller (level 6, -9/39 HPs)
             Began as a Gargoyle Fighter on July 16, 2023.
             Mangled by Prince Ribbit (12 damage)
             ... on level 5 of the Dungeon.
             The game lasted 00:07:38 (3399 turns).

AdnanSaban the Cudgeller (Gargoyle Fighter)         Turns: 3399, Time: 00:07:38

Health: -9/39      AC: 15    Str: 22    XL:     6   Next: 97%
Magic:  6/6        EV:  8    Int:  8    God:
Gold:   210        SH:  4    Dex:  9    Spells: 5/5 levels left

rFire   . . .        a - +0 flail
rCold   . . .        c - +0 buckler
rNeg    + . .        t - +0 chain mail
rPois   ∞            (no helmet)
rElec   +            (no cloak)
rCorr   .            b - +0 pair of gloves
SInv    .            (no boots)
Will    .....        (no amulet) Stlth
                     (no ring)
HPRegen 0.26/turn    (no ring)
MPRegen 0.10/turn

%: no passive effects
@: no status effects
A: sickness immunity, AC +4, negative energy resistance 1, electricity
resistance, torment resistance 1, petrification resistance
a: no special abilities


You were on level 5 of the Dungeon.
You visited 1 branch of the dungeon, and saw 5 of its levels.

You collected 210 gold pieces.

Inventory:

Hand Weapons
 a - a +0 flail (weapon)
Armour
 b - a +0 pair of gloves (worn)
 c - a +0 buckler (worn)
 t - a +0 chain mail (worn)
Jewellery
 f - an amulet of faith
 n - an amulet of magic regeneration
Scrolls
 g - a scroll of fear {unknown}
 h - a scroll of teleportation {unknown}
 i - 4 scrolls of enchant armour {unknown}
 l - a scroll of silence {unknown}
 m - 2 scrolls of revelation {unknown}
 q - 2 scrolls of fog {unknown}
 s - 2 scrolls of identify {unknown}
Potions
 d - 3 potions of might
 e - a potion of haste {unknown}
 j - 2 potions of brilliance {unknown}
 k - 2 potions of lignification {unknown}
 o - a potion of heal wounds {unknown}
 p - a potion of curing {unknown}
 r - a potion of degeneration {unknown}


   Skills:
 + Level 4.6 Fighting
 + Level 5.0 Maces & Flails
 + Level 4.7 Armour
 + Level 4.3 Shields


You had 5 spell levels left.
You didn't know any spells.
Your spell library contained the following spells:

 Spells                   Type           Power      Damage    Failure   Level
 Freeze                   Ice            0%         1d3       97%         1
 Lesser Beckoning         Tloc           0%         N/A       99%         2
 Frozen Ramparts          Ice            0%         1d1       100%        3
 Gell's Gravitas          Tloc           0%         N/A       100%        3
 Hailstorm                Conj/Ice       0%         3d3       100%        3
 Summon Guardian Golem    Hex/Summ       0%         N/A       100%        3
 Teleport Other           Tloc           0%         N/A       100%        3
 Orb of Destruction       Conj           0%         9d5       100%        7
 Spellforged Servitor     Conj/Summ      0%         N/A       100%        7


Dungeon Overview and Level Annotations

Branches:
Dungeon (5/15)
 Temple: D:4-7

Altars:
Ashenzari
Dithmenos
Makhleb
Sif Muna
The Shining One

Annotations:
D:5 Prince Ribbit


Innate Abilities, Weirdness & Mutations

You are immune to sickness and miasma.
Your stone body is resilient. (AC +4)
You are immune to poison.
You resist negative energy. (rN+)
You are resistant to electric shocks. (rElec)
You are resistant to unholy torment.
You are immune to petrification.


Message History

The orc hits you but does no damage.
An orc comes into view. It is wielding a +0 hand axe.
The orc barely misses you.
You hit Prince Ribbit.
Prince Ribbit is heavily wounded.
Prince Ribbit blinks!
The orc hits you but does no damage. x3
Prince Ribbit blinks!
You sock the orc!
You kill the orc!
The orc closely misses you. x2
You closely miss the orc. The orc closely misses you.
The orc barely misses you.
You closely miss the orc. The orc hits you but does no damage. x2
The orc hits you with a +0 hand axe.
Prince Ribbit blinks!
The orc hits you but does no damage.
You are too injured to fight recklessly!
You are too injured to fight recklessly!
You are too injured to fight recklessly!
You are too injured to fight recklessly!
You are too injured to fight recklessly!
You are too injured to fight recklessly!
You are too injured to fight recklessly!
You are too injured to fight recklessly!
You are too injured to fight recklessly!
You are too injured to fight recklessly!
You are too injured to fight recklessly!
You are too injured to fight recklessly!
You are too injured to fight recklessly!
You are too injured to fight recklessly!
You are too injured to fight recklessly!
You are too injured to fight recklessly!
The orc attacks as you move away! The orc hits you but does no damage.
Things that are here:
a +0 club; an orc corpse Prince Ribbit hits you!
* * * LOW HITPOINT WARNING * * *
Prince Ribbit hits you.
* * * LOW HITPOINT WARNING * * *
Prince Ribbit hits you!
You die...

... .# # #.# ##.
#. ......
..##.##.#.###.#
......)........
#o# # #)###### #
##.##o##..<#.#
#...†.oF@....#
.....#..=......#
..## #.._......#
#.........#
#....⌠....#
#.......?.#
........_....
###.........###
####...##.#


You could see Prince Ribbit and 2 orcs.

Vanquished Creatures
  2 scorpions
  A hound (D:4)
  A jelly (D:2)
  An iguana (D:3)
  3 orc wizards (D:4)
  Robin (D:4)
  4 adders
  7 orcs
  9 ball pythons
  7 endoplasms
  2 giant cockroaches
  12 goblins
  13 hobgoblins
  4 jackals
  A quokka (D:2)
  5 bats
  10 frilled lizards (D:2)
  6 kobolds
  8 rats
97 creatures vanquished.

Notes
Turn   | Place    | Note
-------+----------+-------------------------------------------
     0 | D:1      | AdnanSaban the Gargoyle Fighter began the quest for the
                  | Orb.
     0 | D:1      | Reached XP level 1. HP: 14/14 MP: 1/1
   162 | D:1      | Reached XP level 2. HP: 19/19 MP: 2/2
   955 | D:2      | Reached XP level 3. HP: 24/24 MP: 3/3
  1544 | D:2      | Reached skill level 3 in Maces & Flails
  1544 | D:2      | Reached XP level 4. HP: 8/29 MP: 4/4
  2124 | D:3      | Found a faded altar of an unknown god.
  2203 | D:3      | Reached XP level 5. HP: 9/33 MP: 5/5
  2347 | D:3      | Reached skill level 4 in Maces & Flails
  2769 | D:4      | Noticed Robin
  2784 | D:4      | Killed Robin
  2785 | D:4      | Reached XP level 6. HP: 28/38 MP: 6/6
  2881 | D:4      | Found a glowing golden altar of the Shining One.
  2938 | D:4      | Found a broken altar of Ashenzari.
  3089 | D:4      | Reached skill level 5 in Maces & Flails
  3173 | D:4      | Found a shimmering blue altar of Sif Muna.
  3370 | D:5      | Entered Level 5 of the Dungeon
  3370 | D:5      | Found a shadowy altar of Dithmenos.
  3370 | D:5      | Found a burning altar of Makhleb.
  3380 | D:5      | Noticed Prince Ribbit
  3399 | D:5      | Mangled by Prince Ribbit

Illustrated notes

Levels and vault maps discovered:
D:1:      sevenhm_arrival_forest_fort_large_2, layout_loops_ring, serial_bayou,
          serial_bayou_pond_c, serial_bayou_pond_d, serial_bayou_pond_a,
          serial_bayou_crossing, nrook_mini_vaults, minmay_misc_feat_room,
          chequers_garden
D:2:      layout_basic, palyth_stone_intersect, eino_curves_02,
          minmay_lizard_king
D:3:      layout_rooms, hellmonk_ecumenical_altar_lost_god
D:4:      layout_rooms, led_sif_book, mainiacjoe_overflow_catch_the_wave,
          minmay_misc_feat_enclosed, uniq_robin
D:5:      layout_basic, nicolae_uskayaw_suspiria, mainiacjoe_overflow_brackets,
          grunt_temple_overflow_open, uniq_prince_ribbit1,
          uniq_crazy_yiuf_cottage

Skill      XL: |  1  2  3  4  5  6 |
---------------+-------------------+-----
Maces & Flails | 3 4 5 |  5.0
Armour         | 4 |  4.7
Fighting       | 4 |  4.6
Shields        | 4 |  4.3

Action                     |  1- 3 |  4- 6 || total
---------------------------+-------+-------++-------
  Melee: Flail             |   137 |   201 ||   338
 Armour: Scale mail        |   110 |    53 ||   163
         Chain mail        |       |    87 ||    87
  Dodge: Dodged            |    88 |   101 ||   189
  Block: Buckler           |    33 |    41 ||    74

Table legend: (Time is in decaauts)
 A = Elapsed time spent in this place.
 B = Non-inter-level travel time spent in this place.
 C = Inter-level travel time spent in this place.
 D = Time resting spent in this place.
 E = Time spent auto-exploring this place.
 F = Levels seen in this place.
 G = Mean time per level.
                   A        B        C        D        E       F      G
               +--------+--------+--------+--------+--------+-----+--------+
         Total |   3507 |   3409 |     98 |      0 |   2688 |   5 |  701.4 |
       Dungeon |   3507 |   3409 |     98 |      0 |   2688 |   5 |  701.4 |
               +--------+--------+--------+--------+--------+-----+--------+

Top non-repeatable levels by time:
     D:2: 1208 daAuts
     D:1: 971 daAuts
     D:4: 682 daAuts
     D:3: 612 daAuts
     D:5: 31 daAuts
